AoeStats
← zamithdaniel

Black Forest

508781268Analyzed
4v4 RM · 9d ago on Sep 24, 2026· 73m 47s· 8 players
Game mode
Random Map
Map size
Large (8 player)
Population
200
Speed
Normal
Resources
Standard
Victory
Conquest
Starting age
Dark Age
Ending age
Imperial Age
RankedLock teamsTeams togetherTeam positionsShared explorationLock speedFull tech treeHidden civsTurbo modeCheats
Victory
Defeat
🇨🇱 Danes · Chile
963
+15
🇨🇱 Turks · Chile
955
+15
🇨🇱 Italians · Chile
924
+17
🇦🇷 Persians · Argentina
917
+17
🇨🇴 Turks · Colombia
980
-18
🇨🇴 Britons · Colombia
948
-16
🇨🇴 Persians · Colombia
916
-15
🇨🇴 Byzantines · Colombia
905
-15
zamithdaniel
11:34 Feudal Age
15:41 Castle Age
14:13 Double-Bit Axe
14:11 Horse Collar
24:52 Bow Saw
24:58 Heavy Plow
25:10 Bow Saw
29:25 Imperial Age
27:52 Loom
28:43 Wheelbarrow
27:55 Town Watch
29:14 Gold Mining
29:16 Stone Mining
31:25 Padded Archer Armor
31:35 Forging
31:31 Scale Barding Armor
32:58 Conscription
32:57 Artillery
33:46 Hand Cart
34:37 Two-Man Saw
35:00 Elite Janissary
36:01 Leather Archer Armor
36:23 Iron Casting
36:09 Chain Barding Armor
37:29 Caravan
37:38 Caravan
38:11 Ring Archer Armor
38:34 Gold Shaft Mining
40:43 Plate Barding Armor
41:05 Bloodlines
40:57 Husbandry
43:13 Blast Furnace
68:49 Fortified Wall
edwinsy22
1:06 Loom
13:46 Feudal Age
14:58 Wheelbarrow
14:14 Double-Bit Axe
14:13 Horse Collar
22:04 Castle Age
19:59 Gold Mining
20:01 Stone Mining
21:14 Man-at-Arms
25:13 Bow Saw
26:11 Gold Shaft Mining
26:53 Padded Archer Armor
26:43 Fletching
27:43 Heavy Plow
29:08 Leather Archer Armor
28:48 Bodkin Arrow
30:04 Kamandaran
30:27 Crossbowman
31:13 Thumb Ring
31:24 Forging
32:33 Stone Shaft Mining
34:25 Caravan
34:23 Pikeman
35:03 Squires
34:48 Arson
37:49 Imperial Age
35:34 Husbandry
37:44 Halberdier
38:47 Scale Mail Armor
39:17 Ring Archer Armor
38:54 Scale Barding Armor
39:25 Iron Casting
39:55 Two-Man Saw
39:35 Cavalier
41:08 Hand Cart
40:43 Town Watch
46:51 Chain Mail Armor
47:37 Blast Furnace
48:12 Chemistry
47:36 Ballistics
47:18 Heated Shot
Dovahkyn
5:40 Loom
10:59 Feudal Age
16:14 Castle Age
16:01 Horse Collar
16:08 Double-Bit Axe
21:38 Heavy Plow
24:03 Bow Saw
27:35 Gold Mining
27:44 Stone Mining
28:57 Wheelbarrow
28:09 Town Watch
29:09 Gold Shaft Mining
29:07 Fortified Wall
30:24 Fletching
31:06 Bodkin Arrow
31:12 Padded Archer Armor
34:48 Imperial Age
32:56 Leather Archer Armor
33:19 Ballistics
34:37 Hand Cart
34:05 Treadmill Crane
36:37 Two-Man Saw
36:43 Chemistry
35:24 Elite Longbowman
36:29 Conscription
35:32 Elite Longbowman
36:51 Conscription
36:55 Heavy Scorpion
41:00 Bracer
41:30 Ring Archer Armor
52:42 Crossbowman
53:20 Cranequins
54:45 Heavy Mounted Crossbowman
59:29 Elite Skirmisher
59:31 Arbalester
andres simijaca
8:18 Loom
10:58 Feudal Age
11:25 Double-Bit Axe
11:54 Horse Collar
13:09 Man-at-Arms
20:19 Castle Age
19:08 Stone Mining
19:24 Gold Mining
20:23 Fletching
20:29 Pikeman
21:54 Stone Shaft Mining
21:33 Bow Saw
22:47 Gold Shaft Mining
23:13 Bodkin Arrow
23:23 Heavy Plow
29:12 Wheelbarrow
29:48 Forging
30:22 Padded Archer Armor
32:28 Hand Cart
36:42 Imperial Age
34:43 Scale Barding Armor
37:29 Leather Archer Armor
38:15 Capped Ram
39:34 Elite Cataphract
42:22 Ring Archer Armor
48:42 Elite Skirmisher
49:30 Thumb Ring
50:15 Crop Rotation
50:40 Fortified Wall
51:01 Bracer
53:41 Chain Barding Armor
57:40 Onager
66:26 Chemistry
MatiassCJ
0:28 Loom
12:17 Feudal Age
16:01 Castle Age
14:22 Double-Bit Axe
14:58 Gold Mining
17:24 Bow Saw
27:09 Horse Collar
35:42 Imperial Age
37:23 Chemistry
36:45 Ballistics
36:48 Conscription
37:15 Pirotechnia
64:28 Padded Archer Armor
66:39 Leather Archer Armor
68:30 Caravan
71:14 Ring Archer Armor
F.Jeriax
0:49 Loom
12:13 Feudal Age
16:34 Castle Age
14:56 Horse Collar
15:34 Double-Bit Axe
23:33 Heavy Plow
29:51 Imperial Age
28:36 Wheelbarrow
28:49 Wheelbarrow
28:26 Bow Saw
28:09 Gold Mining
39:20 Two-Man Saw
49:51 Ballistics
51:53 Gold Shaft Mining
58:41 Elite Janissary
59:55 Bloodlines
67:51 Husbandry
69:35 Caravan
AlpineXtrem
0:32 Loom
12:10 Feudal Age
16:12 Castle Age
14:28 Double-Bit Axe
14:25 Horse Collar
15:07 Gold Mining
16:02 Wheelbarrow
26:19 Stone Mining
27:57 Heavy Plow
28:29 Caravan
32:05 Imperial Age
29:50 Squires
29:36 Arson
33:27 Conscription
32:34 Hamask
34:08 Ballistics
34:50 Chemistry
34:28 Bow Saw
34:35 Hand Cart
34:05 Town Watch
34:13 Onager
34:27 Northmen's Fury
35:59 Elite Jomsviking
36:55 Forging
36:46 Scale Mail Armor
40:54 Iron Casting
40:35 Chain Mail Armor
40:56 Siege Onager
47:35 Plate Mail Armor
48:50 Blast Furnace
Padreloa
10:12 Feudal Age
12:27 Double-Bit Axe
14:44 Wheelbarrow
17:28 Castle Age
15:30 Horse Collar
20:06 Gold Mining
20:37 Bow Saw
25:47 Stone Mining
26:30 Husbandry
26:43 Bloodlines
31:28 Imperial Age
31:27 Gold Shaft Mining
31:16 Heavy Plow
32:02 Elite War Elephant
35:11 Forging
36:15 Two-Man Saw
36:40 Scale Barding Armor
37:12 Iron Casting
37:35 Crossbowman
39:10 Conscription
40:33 Crop Rotation
45:42 Chain Barding Armor
48:41 Plate Barding Armor
65:29 Blast Furnace
Connection lost

Rejoining the realm…

Still unreachable

The connection could not be restored.

Session expired

The server has moved on; the page needs a fresh start.